 Dungeon Crawl Stone Soup version 0.28-a0-1477-g273aa18710 (webtiles) character file.

Game seed: 11480393389496077555

1166 Majang the Chiller (level 8, -1/63 HPs)
             Began as a Ghoul Ice Elementalist on Jan 11, 2022.
             Shot with an arrow by something (9 damage)
             ... on level 5 of the Dungeon.
             The game lasted 00:27:52 (6599 turns).

Majang the Chiller (Ghoul Ice Elementalist)         Turns: 6599, Time: 00:27:53

Health: -1/63      AC:  5    Str: 12    XL:     8   Next: 40%
Magic:  12/14      EV: 12    Int: 12    God:
Gold:   220        SH:  0    Dex:  9    Spells: 3/16 levels left

rFire   . . .      SeeInvis .   c - +2 quarterstaff (chaos)
rCold   + + .      Faith    .   (shield currently unavailable)
rNeg    + + +      Spirit   .   f - +1 robe {rC+}
rPois   ∞          Reflect  .   n - +0 helmet
rElec   .          Harm     .   e - +0 cloak {Stlth+}
rCorr   .          Rampage  .   (no gloves)
Will    +....                   (no boots)
Stlth   +++.......              (no amulet)
HPRegen 0.00/turn               m - ring of willpower
MPRegen 0.14/turn               (no ring)

@: flying, inhibited regen
A: claws 1, cold resistance 1, negative energy resistance 3, inhibited
regeneration, torment resistance 2
a: no special abilities


You were on level 5 of the Dungeon.
You visited 1 branch of the dungeon, and saw 5 of its levels.

You collected 220 gold pieces.

Inventory:

Hand Weapons
 c - a +2 quarterstaff of chaos (weapon)
Armour
 e - a +0 cloak of stealth (worn)
 f - a +1 robe of cold resistance (worn)
 n - a +0 helmet (worn)
 o - a +3 leather armour
Jewellery
 m - a ring of willpower (left claw)
Wands
 a - a wand of digging (5)
 j - a wand of iceblast (9)
Scrolls
 b - 3 scrolls of blinking
 k - a scroll of summoning
 p - 2 scrolls of identify
Potions
 g - 2 potions of magic
 h - a potion of flight
 l - 2 potions of curing


   Skills:
 + Level 3.1 Fighting
 + Level 2.3 Staves
 + Level 3.2 Dodging
 - Level 2.1 Stealth
 * Level 4.9 Spellcasting
 * Level 7.0 Ice Magic
 + Level 2.5 Evocations


You had 3 spell levels left.
You knew the following spells:

 Your Spells              Type           Power      Damage    Failure   Level
a - Ozocubu's Armour      Ice            19%        N/A       3%          3
e - Ensorcelled Hibernat  Hex/Ice        22%        N/A       7%          2
f - Freeze                Ice            76%        1d9       1%          1
h - Hailstorm             Conj/Ice       11%        3d5       43%         4
r - Frozen Ramparts       Ice            38%        1d5       3%          3

Your spell library contained the following spells:

 Spells                   Type           Power      Damage    Failure   Level
 Apportation              Tloc           4%         N/A       21%         1
 Blink                    Tloc           4%         N/A       30%         2
 Anguish                  Hex/Necr       1%         N/A       90%         4
 Alistair's Intoxication  Tmut/Pois      1%         N/A       99%         5
 Manifold Assault         Tloc           2%         N/A       99%         5
 Ozocubu's Refrigeration  Ice            9%         4d6       100%        7
 Spider Form              Tmut/Pois      Unusable   N/A       N/A         3
 Storm Form               Tmut/Air       Unusable   N/A       N/A         7

Dungeon Overview and Level Annotations

Branches:
Dungeon (5/15)
 Temple: D:4-7

Altars:

Shops:
D:1 *

Annotations:
D:5 Sigmund


Innate Abilities, Weirdness & Mutations

You thrive by killing the living.
You are immune to poison.
You have sharp fingernails.
Your flesh is cold resistant. (rC+)
You are immune to negative energy. (rN+++)
You do not regenerate when monsters are visible.
You are immune to unholy pain and torment.


Message History

Unknown command.
Okay, then.
As you read the scroll of summoning, it crumbles to dust.
Wisps of shadow whirl around you... Something completely misses you.
Something kicks you.
* * * LOW HITPOINT WARNING * * *
As you read the scroll of teleportation, it crumbles to dust.
You feel strangely unstable. Something hits you.
* * * LOW HITPOINT WARNING * * *
Something kicks you but does no damage.
Sigmund zaps a wand.
You resist with almost no effort. Something hits you.
* * * LOW HITPOINT WARNING * * *
Something kicks you but does no damage.
You feel strangely stable.
Your magical effects are unravelling.
You feel magically purged.
Your icy armour evaporates.
Something hits you.
* * * LOW HITPOINT WARNING * * *
Something kicks you but does no damage.
Sigmund zaps a wand.
Your ufetubus evaporates and reforms as a quasit!
It was a potion of flight.
You feel very buoyant.
You fly up into the air.
Something hits you.
* * * LOW HITPOINT WARNING * * *
Something kicks you.
* * * LOW HITPOINT WARNING * * *
Sigmund casts a spell at you. The puff of flame hits your quasit.
Your quasit resists.
Something hits you.
* * * LOW HITPOINT WARNING * * *
Something kicks you but does no damage.
You feel better. Something hits you.
* * * LOW HITPOINT WARNING * * *
Something kicks you but does no damage.
Sigmund zaps a wand.
Your quasit resists with significant effort.
You hear a twanging sound.
An arrow appears from out of thin air!
The arrow hits you!
You die...

........#.........
................##
................#
####.@...[.......#
#(..5....####+#..##
#...######## #.... .(..
#.{........#.....#.
.....##..........#.....+.
.....'..@s.......'.....#.
.....#...........#.....##
#.......#.......#.......
#.......#.......##......
#.......#.......##......
#...............# .....
#####.†.#.####### #..
######...#.# #..
#.........!# #..


You could see Sigmund (ally target), a friendly scorpion (summoned) and a
friendly quasit (summoned).

Vanquished Creatures
  Pikel (D:4)
  Edmund (D:5)
  A sky beast (D:5)
  2 lemures (D:4)
  Blork the orc (D:5)
  A scorpion (D:5)
  A gnoll shaman (D:4)
  2 hounds
  Crazy Yiuf (D:2)
  Natasha (thrice) (D:2)
  2 hound skeletons
  Robin (D:3)
  3 adders
  3 gnolls (D:4)
  A howler monkey skeleton (D:5)
  An ufetubus (D:4)
  2 worms
  3 dart slugs
  An orc (D:4)
  5 ball pythons
  4 endoplasms
  3 giant cockroaches
  9 hobgoblins
  3 quokkas
  6 bats
  4 frilled lizards
  12 goblins
  7 kobolds
  8 rats
  A spectral goblin (D:2)
93 creatures vanquished.

Notes
Turn   | Place    | Note
-------+----------+-------------------------------------------
     0 | D:1      | Majang the Ghoul Ice Elementalist began the quest for the
                  | Orb.
     0 | D:1      | Reached XP level 1. HP: 14/14 MP: 2/2
   659 | D:1      | Found Galim's Assorted Antiques.
   709 | D:1      | Reached XP level 2. HP: 17/20 MP: 0/4
  1422 | D:1      | Reached XP level 3. HP: 26/26 MP: 5/5
  1426 | D:1      | Learned a level 3 spell: Ozocubu's Armour
  1430 | D:1      | Learned a level 3 spell: Frozen Ramparts
  1582 | D:2      | Found a faded altar of an unknown god.
  2319 | D:2      | Found a runed translucent door.
  2320 | D:2      | Noticed Crazy Yiuf
  2331 | D:2      | Killed Crazy Yiuf
  2332 | D:2      | Reached skill level 5 in Ice Magic
  2332 | D:2      | Reached XP level 4. HP: 13/33 MP: 0/7
  2855 | D:2      | Noticed Natasha
  2866 | D:2      | Killed Natasha
  2867 | D:2      | Reached XP level 5. HP: 35/39 MP: 0/9
  3170 | D:2      | Noticed Natasha
  3181 | D:2      | Killed Natasha
  3258 | D:2      | Noticed Natasha
  3269 | D:2      | Killed Natasha
  4341 | D:3      | Reached skill level 1 in Fighting
  4342 | D:3      | Noticed Robin
  4351 | D:3      | Killed Robin
  4352 | D:3      | Reached skill level 1 in Evocations
  4352 | D:3      | Reached XP level 6. HP: 47/47 MP: 1/10
  4940 | D:4      | Noticed Pikel
  4958 | D:4      | Killed Pikel
  4959 | D:4      | Reached skill level 1 in Staves
  4959 | D:4      | Reached skill level 6 in Ice Magic
  4959 | D:4      | Reached XP level 7. HP: 55/55 MP: 4/12
  5653 | D:5      | Entered Level 5 of the Dungeon
  5864 | D:5      | Learned a level 4 spell: Hailstorm
  5867 | D:5      | Learned a level 2 spell: Ensorcelled Hibernation
  5894 | D:5      | Noticed Edmund
  5929 | D:5      | Killed Edmund
  5930 | D:5      | Reached XP level 8. HP: 46/62 MP: 3/13
  6303 | D:5      | Noticed Sigmund
  6359 | D:5      | Noticed Blork the orc
  6385 | D:5      | Killed Blork the orc
  6529 | D:5      | Reached skill level 7 in Ice Magic
  6599 | D:5      | Shot with an arrow by something

Illustrated notes

Levels and vault maps discovered:
D:1:      dpeg_arrival_rooms_b, layout_basic, serial_shops, shop
D:2:      layout_loops_corners, serial_rivers, chequers_serial_rivers_micro_d,
          chequers_serial_rivers_large_a, chequers_serial_rivers_micro_b,
          chequers_serial_rivers_large_b, chequers_serial_rivers_micro_d,
          dreamdust_ecumenical_altar_drowned_temple, uniq_natasha,
          uniq_crazy_yiuf_cottage
D:3:      layout_basic, hex_tiny, dk_noncrumbling_4, bh_walls_and_bars,
          uniq_robin
D:4:      layout_basic, serial_park_tiny_pond, uniq_pikel
D:5:      layout_basic, minmay_liquid_box, uniq_edmund, uniq_blork_the_orc,
          uniq_sigmund

Skill      XL: |  1  2  3  4  5  6  7  8 |
---------------+-------------------------+-----
Spellcasting   | 2 3 4 |  4.9
Ice Magic      | 5 6 7 |  7.0
Dodging        | 2 3 |  3.2
Fighting       | 1 2 3 |  3.1
Evocations     | 1 2 |  2.5
Staves         | 1 2 |  2.3
Stealth        | |  2.1

Action                   |  1- 3 |  4- 6 |  7- 9 || total
-------------------------+-------+-------+-------++-------
Melee: Unarmed           |    15 |       |       ||    15
       Club              |    47 |       |       ||    47
       Punch             |     1 |       |       ||     1
       Quarterstaff      |       |    73 |    26 ||    99
 Cast: Freeze            |    44 |     8 |    14 ||    66
       Ozocubu's Armour  |     3 |     7 |     7 ||    17
       Frozen Ramparts   |     2 |    13 |     9 ||    24
Evoke: Wand              |       |     2 |     1 ||     3
  Use: Potion            |     4 |       |     3 ||     7
       Scroll            |       |     7 |     5 ||    12
 Stab: Sleeping          |     5 |     8 |     1 ||    14
       Invisible         |     1 |       |       ||     1
Armor: Robe              |    26 |    21 |    21 ||    68
Dodge: Dodged            |    67 |    35 |    27 ||   129

Table legend: (Time is in decaauts)
 A = Elapsed time spent in this place.
 B = Non-inter-level travel time spent in this place.
 C = Inter-level travel time spent in this place.
 D = Time resting spent in this place.
 E = Time spent auto-exploring this place.
 F = Levels seen in this place.
 G = Mean time per level.
                   A        B        C        D        E       F      G
               +--------+--------+--------+--------+--------+-----+--------+
         Total |   6691 |   6588 |    103 |   2504 |   3040 |   5 | 1338.2 |
       Dungeon |   6691 |   6588 |    103 |   2504 |   3040 |   5 | 1338.2 |
               +--------+--------+--------+--------+--------+-----+--------+

Top non-repeatable levels by time:
     D:2: 1967 daAuts
     D:1: 1635 daAuts
     D:3: 1237 daAuts
     D:4: 1003 daAuts
     D:5: 847 daAuts
